[Event "Team 45 45 League T98"]
[Site "Internet Chess Club"]
[Date "2023.11.25"]
[Round "2"]
[White "jjmolina1"]
[Black "discipulo"]
[Result "0-1"]
[WhiteElo "1454"]
[BlackElo "1719"]
[Opening "French: Frere (Becker) variation"]
[ECO "C10"]
[Time "04:02:34"]
[PlyCount "56"]
[TimeControl "2700+45"]

1. e4 e6 2. d4 d5 3. Nc3 dxe4 4. Nxe4 Qd5 5. Nc3 Bb4 6. a3 Bxc3+ 7. bxc3 b6 8.
c4 Qe4+ 9. Ne2 Bb7 10. Qd3 Nf6 11. f3 Qh4+ 12. g3 Qh5 13. Bg2 O-O 14. Nf4 Qf5
15. O-O Nc6 16. c3 Qxd3 17. Nxd3 Na5 18. c5 Nd5 19. Bd2 Ba6 20. Nb4 Bxf1 21.
Rxf1 Nc4 22. Nxd5 exd5 23. Bc1 bxc5 24. dxc5 c6 25. Re1 Rfe8 26. Rxe8+ Rxe8 27.
Kf2 Rb8 28. Bf1 Rb3 {White resigns} 0-1

[Event "Team 45 45 League T98"]
[Site "Internet Chess Club"]
[Date "2023.11.27"]
[Round "2"]
[White "clarinetref"]
[Black "VictorRed"]
[Result "0-1"]
[WhiteElo "1534"]
[BlackElo "1693"]
[Opening "Queen's pawn game"]
[ECO "D02"]
[Time "21:01:50"]
[PlyCount "90"]
[TimeControl "2700+45"]

1. Nf3 d5 2. d4 g6 3. g3 Bg7 4. Bg2 Nc6 5. c3 Nf6 6. Bg5 O-O 7. Qd2 Ne4 8. Qc1
Nxg5 9. Qxg5 h6 10. Qd2 Kh7 11. O-O Re8 12. Na3 e6 13. Rfe1 a6 14. Nc2 b5 15. a3
Bb7 16. Ne3 Na5 17. Qc2 Nc4 18. Ng4 h5 19. Nge5 Nxe5 20. Nxe5 Qd6 21. Nxf7 Qe7
22. Ne5 Bxe5 23. dxe5 Rf8 24. h4 Qc5 25. Rf1 Rf5 26. Rad1 Rxe5 27. Rd4 Rf5 28.
b4 Qe7 29. Bh3 Rf6 30. f4 Raf8 31. e3 e5 32. fxe5 Rxf1+ 33. Bxf1 Qxe5 34. Rf4
Qxe3+ 35. Kh2 Rxf4 36. gxf4 Qxf4+ 37. Kg1 Qxh4 38. Qh2 Qxh2+ 39. Kxh2 Kh6 40.
Bg2 c6 41. Kg3 Kg5 42. Bf3 Bc8 43. Kf2 Kf4 44. Be2 h4 45. Bd3 g5 {White resigns}
0-1

[Event "Team 45 45 League T98"]
[Site "Internet Chess Club"]
[Date "2023.11.28"]
[Round "2"]
[White "fireball"]
[Black "Electryon"]
[Result "0-1"]
[WhiteElo "1561"]
[BlackElo "1606"]
[Opening "Giuoco Pianissimo"]
[ECO "C55"]
[Time "14:04:05"]
[PlyCount "30"]
[TimeControl "2700+45"]

1. e4 e5 2. Nf3 Nc6 3. Bc4 Nf6 4. d3 Bc5 5. O-O O-O 6. a3 d5 7. exd5 Nxd5 8. b4
Bd4 9. Nxd4 exd4 10. Bb2 Qg5 11. Nd2 Bh3 12. Qf3 Nf4 13. Bd5 Bxg2 14. Ne4 Ne2+
15. Qxe2 Bxe4+ {White resigns} 0-1

[Event "Team 45 45 League T98"]
[Site "Internet Chess Club"]
[Date "2023.11.24"]
[Round "2"]
[White "garytd"]
[Black "vollmerj"]
[Result "0-1"]
[WhiteElo "1435"]
[BlackElo "1546"]
[Opening "Sicilian: closed"]
[ECO "B23"]
[Time "11:00:10"]
[PlyCount "124"]
[TimeControl "2700+45"]

1. e4 c5 2. Nc3 g6 3. f4 d6 4. Nf3 Bg7 5. Bb5+ Bd7 6. Bc4 e6 7. d3 Nc6 8. O-O
Nge7 9. Be3 O-O 10. Rb1 a6 11. a4 Na7 12. Bb3 b5 13. axb5 Nxb5 14. e5 Nf5 15.
Qe1 Bc6 16. Nxb5 axb5 17. exd6 Qxd6 18. Qf2 Nd4 19. Bxd4 Bxd4 20. Nxd4 cxd4 21.
Ra1 Qc5 22. Rfe1 Bd5 23. Bxd5 Qxd5 24. Qf3 Rxa1 25. Rxa1 Qc5 26. Qd1 Rc8 27. Rc1
Qb4 28. Rb1 Qd6 29. Qd2 Qd5 30. Ra1 Qc5 31. Rc1 Ra8 32. Kf1 Ra2 33. c3 dxc3 34.
Rxc3 Ra1+ 35. Ke2 Qg1 36. Kf3 Qxh2 37. Rc1 Qh5+ 38. Kf2 Rxc1 39. Qxc1 Qd5 40.
Qc3 h5 41. Qc8+ Kh7 42. Qc3 Qd6 43. Qf6 Kg8 44. d4 Qd5 45. Qe5 Qb3 46. Qb8+ Kh7
47. Qf8 Qxb2+ 48. Ke3 Qc3+ 49. Ke4 Qc2+ 50. Ke5 Qf5+ 51. Kd6 Qxf4+ 52. Ke7 b4
53. g3 Qg5+ 54. Ke8 Qb5+ 55. Ke7 Qb7+ 56. Kf6 Qf3+ 57. Ke7 b3 58. Qb8 g5 59. Qe5
b2 60. Qe1 Qf5 61. Qe2 b1=Q 62. Qxh5+ Kg8 {White resigns} 0-1

[Event "Team 45 45 League T98"]
[Site "Internet Chess Club"]
[Date "2023.11.29"]
[Round "2"]
[White "seattleblues"]
[Black "DaveTheRook"]
[Result "0-1"]
[WhiteElo "1345"]
[BlackElo "1450"]
[Opening "Bogo-Indian defense"]
[ECO "E11"]
[Time "19:11:15"]
[PlyCount "60"]
[TimeControl "2700+45"]

1. d4 Nf6 2. c4 e6 3. Nf3 Bb4+ 4. Bd2 Be7 5. Nc3 O-O 6. e3 b6 7. Be2 Bb7 8. O-O
c5 9. Qc2 d5 10. Rad1 Nbd7 11. Bc1 cxd4 12. Nxd4 Qc8 13. cxd5 exd5 14. Rd2 Ne5
15. a3 Nc4 16. Rdd1 Rd8 17. Bd2 Qd7 18. Na2 Rac8 19. Qb1 Ne4 20. Bb4 Bxb4 21.
Nxb4 Ned2 22. Qa2 Nxf1 23. Bxf1 Qg4 24. Be2 Qg5 25. b3 Nd6 26. Bf3 Ne4 27. Bxe4
dxe4 28. Qa1 Qf6 29. Nbc2 h6 30. h3 Qd6 {White forfeits on time} 0-1

[Event "Team 45 45 League T98"]
[Site "Internet Chess Club"]
[Date "2023.11.25"]
[Round "2"]
[White "QuieroAprender"]
[Black "Gojira"]
[Result "1/2-1/2"]
[WhiteElo "1615"]
[BlackElo "1610"]
[Opening "Sicilian: closed, 6.Be3"]
[ECO "B26"]
[Time "13:21:09"]
[PlyCount "145"]
[TimeControl "2700+45"]

1. e4 c5 2. Nc3 g6 3. g3 Nc6 4. d3 Bg7 5. Be3 d6 6. Bg2 e6 7. f4 Nge7 8. Nf3 Nd4
9. Qd2 b6 10. f5 Bb7 11. fxe6 fxe6 12. Ng5 Qd7 13. Rf1 Bh6 14. Nxe6 Bxe3 15.
Ng7+ Kd8 16. Qd1 Kc7 17. Ne2 Nec6 18. c3 Nxe2 19. Qxe2 Bh6 20. Nh5 Ne7 21. Nf6
Qe6 22. d4 Raf8 23. d5 Qe5 24. Ng4 Qh5 25. b4 Rxf1+ 26. Kxf1 Rf8+ 27. Kg1 Bc8
28. bxc5 Bxg4 29. cxd6+ Kxd6 30. e5+ Qxe5 31. Qxg4 Be3+ 32. Kh1 Qxc3 33. Qe6+
Kc5 34. Qxe7+ Kc4 35. Qxf8 Qxa1+ 36. Bf1+ Kxd5 37. Qf7+ Ke4 38. Qe6+ Qe5 39.
Bg2+ Kd4 40. Qd7+ Kc3 41. Qxa7 Bc5 42. Qf7 Qe1+ 43. Qf1 Qxf1+ 44. Bxf1 h6 45.
Kg2 g5 46. Kf3 Kb4 47. Ke4 Ka3 48. Bc4 Ka4 49. Kf5 b5 50. Bb3+ Kb4 51. Kg6 Be3
52. Kxh6 Kc5 53. Kh5 Kd6 54. Kg4 Ke5 55. h4 gxh4 56. Kxh4 Kf6 57. g4 Bd2 58. Kh3
b4 59. Kg3 Kg5 60. Kf3 Bc3 61. Bd1 Bh8 62. Ke4 Bc3 63. Kd3 Be1 64. Kc4 Kf4 65.
Kd3 Bh4 66. Kd2 Be7 67. Kd3 Bc5 68. Kc4 Bf8 69. Kd5 Kg5 70. Ke6 Bc5 71. Ke5 Bf8
72. Ke6 Bc5 73. Kd5 {Game drawn by mutual agreement} 1/2-1/2

[Event "Team 45 45 League T98"]
[Site "Internet Chess Club"]
[Date "2023.11.25"]
[Round "2"]
[White "Rookmaster"]
[Black "kabindra"]
[Result "0-1"]
[WhiteElo "1540"]
[BlackElo "1622"]
[Opening "Two knights defense"]
[ECO "C55"]
[Time "13:00:19"]
[PlyCount "74"]
[TimeControl "2700+45"]

1. e4 e5 2. Nf3 Nc6 3. Bc4 Nf6 4. d4 exd4 5. O-O Be7 6. e5 Ne4 7. Bd5 Nc5 8.
Bxc6 dxc6 9. Qxd4 Bf5 10. c3 Nd3 11. Qxd8+ Rxd8 12. b4 Nxc1 13. Rxc1 c5 14. bxc5
Bxc5 15. Nbd2 O-O 16. Nb3 Ba3 17. Rd1 Bb2 18. Rxd8 Rxd8 19. Rf1 Bxc3 20. h3 c6
21. Rc1 Bb2 22. Re1 Kf8 23. g4 Bg6 24. e6 fxe6 25. Rxe6 Bb1 26. Nc5 b6 27. Re2
Rd1+ 28. Kh2 Bf6 29. Ne6+ Kf7 30. Nf4 c5 31. a4 c4 32. g5 Ba1 33. h4 g6 34. Kg2
Bg7 35. Nd2 Ba2 36. Nd5 c3 37. Re7+ Kf8 {White resigns} 0-1

[Event "Team 45 45 League T98"]
[Site "Internet Chess Club"]
[Date "2023.11.24"]
[Round "2"]
[White "mongmong"]
[Black "trogers41"]
[Result "1-0"]
[WhiteElo "1508"]
[BlackElo "1472"]
[Opening "Colle system"]
[ECO "D05"]
[Time "10:04:43"]
[PlyCount "165"]
[TimeControl "2700+45"]

1. d4 Nf6 2. Nf3 d5 3. e3 e6 4. Bd3 c5 5. c3 Nc6 6. Nbd2 Bd6 7. Qe2 O-O 8. O-O
cxd4 9. cxd4 b6 10. a3 Bb7 11. b4 Rc8 12. Bb2 Ne7 13. Rac1 Qd7 14. Rxc8 Rxc8 15.
Rc1 Rxc1+ 16. Bxc1 Qc7 17. Qd1 Nc6 18. Qc2 h6 19. Bb2 Ne7 20. Qxc7 Bxc7 21. h3
Nc8 22. Kf1 Nd6 23. Ke2 Nde4 24. b5 Kf8 25. Bc2 Nd6 26. Bd3 Nde4 27. a4 Bd6 28.
Bc2 Nxd2 29. Nxd2 Ke7 30. Kd3 g5 31. Bd1 Kd7 32. f3 Ke7 33. e4 dxe4+ 34. fxe4
Bb4 35. e5 Bxd2 36. exf6+ Kxf6 37. Kxd2 Bxg2 38. Bg4 Ke7 39. Ke3 f5 40. Bf3 Bxh3
41. d5 f4+ 42. Kf2 exd5 43. Bxd5 Bf5 44. Ba3+ Kf6 45. Bb2+ Ke7 46. Bb3 h5 47.
Be5 Bd3 48. Bb8 a6 49. bxa6 Bxa6 50. Ba7 b5 51. a5 Bb7 52. Bc5+ Kf6 53. Bc2 g4
54. Bd4+ Kg5 55. Bd3 Ba6 56. Bc5 g3+ 57. Kf3 h4 58. Be7+ Kh5 59. Kxf4 g2 60. Bc5
h3 61. Be2+ Kg6 62. Kg3 Kf5 63. Bg4+ Ke4 64. Bxh3 Kd5 65. Bb6 Kc4 66. Bxg2 Kc3
67. Bf1 Kc2 68. Kf2 Kd2 69. Be3+ Kc3 70. Be2 Kb4 71. Bb6 Kc3 72. Ke3 Kb3 73. Kd4
Kb4 74. Bd3 Bb7 75. Ke5 Ba6 76. Kd6 Bb7 77. Kc7 Ba6 78. Kc6 Ka4 79. Bd8 Bc8 80.
Bxb5+ Kb4 81. Kb6 Kc3 82. Bc6 Kb4 83. Bb7 {Black resigns} 1-0

[Event "Team 45 45 League T98"]
[Site "Internet Chess Club"]
[Date "2023.11.28"]
[Round "2"]
[White "BlueStorm"]
[Black "jjmolina1"]
[Result "1-0"]
[WhiteElo "1598"]
[BlackElo "1444"]
[Opening "King's pawn game"]
[ECO "C20"]
[Time "09:06:10"]
[PlyCount "105"]
[TimeControl "2700+45"]

1. e4 e5 2. g3 d6 3. d3 Nc6 4. Nf3 Nf6 5. Bg2 Be7 6. O-O O-O 7. Nbd2 h6 8. Re1
Bd7 9. a3 Rb8 10. Qe2 Qc8 11. b3 Bh3 12. Qf1 Bxg2 13. Qxg2 Rd8 14. Bb2 a6 15.
Rad1 Nd7 16. d4 Bf6 17. d5 Ne7 18. Rc1 Nf8 19. c4 b6 20. b4 c5 21. Rc2 a5 22. b5
Nfg6 23. Nf1 Kh8 24. Bc1 Ng8 25. h4 Nf8 26. N1h2 g6 27. Kh1 Bg7 28. Ng1 Nh7 29.
Qh3 Qxh3 30. Nxh3 Nhf6 31. g4 Ne8 32. g5 h5 33. f4 f5 34. exf5 gxf5 35. fxe5
Bxe5 36. Bb2 Bxb2 37. Rxb2 Ng7 38. Nf4 Re8 39. Rbe2 Rxe2 40. Rxe2 Re8 41. Rxe8
Nxe8 42. Nxh5 Ne7 43. Nf4 Kg7 44. h5 Kf7 45. h6 Ng6 46. Nxg6 Kxg6 47. Nf3 Nf6
48. gxf6 Kxf6 49. Kg2 Kg6 50. h7 Kxh7 51. Kg3 Kg6 52. Kf4 Kf6 53. Nh4 {Black
resigns} 1-0

[Event "Team 45 45 League T98"]
[Site "Internet Chess Club"]
[Date "2023.11.27"]
[Round "2"]
[White "Lawkeito"]
[Black "ElValero"]
[Result "1-0"]
[WhiteElo "1806"]
[BlackElo "1654"]
[Opening "QGD: Ragozin variation"]
[ECO "D38"]
[Time "14:00:50"]
[PlyCount "65"]
[TimeControl "2700+45"]

1. d4 d5 2. c4 e6 3. Nf3 Nf6 4. Nc3 Bb4 5. cxd5 exd5 6. Bg5 c6 7. e3 Qa5 8. Qb3
Ne4 9. Rc1 Nxg5 10. Nxg5 Bf5 11. a3 Bxc3+ 12. Qxc3 Qd8 13. Nf3 O-O 14. Bd3 Be6
15. O-O Nd7 16. b4 Rc8 17. Qb2 f5 18. b5 c5 19. dxc5 Nxc5 20. Bb1 Qd6 21. Nd4 f4
22. Qb4 b6 23. Nxe6 Qxe6 24. exf4 Rf6 25. Rfd1 Kh8 26. Ba2 Rd8 27. Rd4 h6 28.
Qd2 Ne4 29. Qe3 Qf7 30. Rxd5 Rxd5 31. Qxe4 Rfd6 32. Bxd5 Qd7 33. Bb3 {Black
resigns} 1-0

[Event "Team 45 45 League T98"]
[Site "Internet Chess Club"]
[Date "2023.11.25"]
[Round "2"]
[White "julesraider"]
[Black "Megasus"]
[Result "0-1"]
[WhiteElo "1624"]
[BlackElo "1568"]
[Opening "Nimzo-Indian: classical variation"]
[ECO "E32"]
[Time "20:00:19"]
[PlyCount "122"]
[TimeControl "2700+45"]

1. d4 Nf6 2. c4 e6 3. Nc3 Bb4 4. Qc2 c6 5. a3 Qa5 6. Bd2 Na6 7. Rc1 Be7 8. e4
Qd8 9. Bd3 d6 10. Nf3 Nd7 11. O-O e5 12. b4 Bf6 13. b5 Nc7 14. Be3 Ne6 15. Ne2
c5 16. dxe5 dxe5 17. Nc3 Nd4 18. Qd1 Nb6 19. Nd5 Nxd5 20. cxd5 b6 21. Nd2 Bd7
22. f4 Nxb5 23. Bxb5 Bxb5 24. Nc4 exf4 25. Bxf4 Bd4+ 26. Kh1 O-O 27. Qg4 Qf6 28.
e5 Qg6 29. Qf3 Bxc4 30. Rxc4 Rad8 31. Re1 Rfe8 32. d6 Rxd6 33. a4 Qe6 34. Rcc1
Rd5 35. Rcd1 Red8 36. Qg3 c4 37. Qf3 c3 38. Bg5 Re8 39. Bf4 c2 40. Rc1 Rc8 41.
Re2 Bb2 42. Rexc2 Bxc1 43. Rxc8+ Qxc8 44. Qxd5 Bxf4 45. g3 Bg5 46. h4 Qd8 47.
Qe4 Be7 48. Qc6 Bc5 49. Qf3 h6 50. h5 Qd4 51. Kh2 Qxe5 52. Qa8+ Kh7 53. Qf3 f5
54. Kh3 Bd6 55. Qd3 Kh8 56. Qf3 Qf6 57. Qa8+ Kh7 58. Qxa7 Qg5 59. Kg2 Qxg3+ 60.
Kf1 Qf3+ 61. Ke1 Bb4# {White checkmated} 0-1

[Event "Team 45 45 League T98"]
[Site "Internet Chess Club"]
[Date "2023.11.26"]
[Round "2"]
[White "fvafier"]
[Black "Gilguli"]
[Result "1-0"]
[WhiteElo "1452"]
[BlackElo "1452"]
[Opening "KGA: Kieseritsky, Kolisch defense"]
[ECO "C39"]
[Time "15:06:43"]
[PlyCount "69"]
[TimeControl "2700+45"]

1. e4 e5 2. f4 exf4 3. Nf3 g5 4. h4 g4 5. Ne5 d6 6. Nxg4 Be7 7. d4 Bxh4+ 8. Nf2
Qg5 9. Qf3 Bg3 10. Rh5 Qf6 11. e5 Qg6 12. Bd3 f5 13. Rh1 dxe5 14. dxe5 Qb6 15.
Nc3 Ne7 16. b3 Ng6 17. Nd5 Qxf2+ 18. Qxf2 Bxf2+ 19. Kxf2 Kd8 20. Bb2 c6 21. Nf6
Be6 22. Rad1 Kc7 23. Rxh7+ Rxh7 24. Nxh7 Nd7 25. Ng5 Nc5 26. Nxe6+ Nxe6 27. Bxf5
Nef8 28. e6 Rd8 29. Rxd8 Kxd8 30. Bf6+ Ke8 31. Kf3 b6 32. Kg4 Ne7 33. Kxf4 Nxf5
34. Kxf5 Nh7 35. g4 {Black resigns} 1-0

[Event "Team 45 45 League T98"]
[Site "Internet Chess Club"]
[Date "2023.11.25"]
[Round "2"]
[White "Toalla"]
[Black "Denis240964"]
[Result "1-0"]
[WhiteElo "1121"]
[BlackElo "1319"]
[Opening "Queen's gambit declined"]
[ECO "D30"]
[Time "15:30:08"]
[PlyCount "63"]
[TimeControl "2700+45"]

1. d4 d5 2. c4 e6 3. Nf3 Nf6 4. c5 Be7 5. Bg5 O-O 6. e3 Nc6 7. a3 Ne4 8. Bxe7
Qxe7 9. Nc3 f5 10. Be2 g5 11. h3 g4 12. hxg4 fxg4 13. Nxe4 gxf3 14. Bxf3 dxe4
15. Bxe4 Rf7 16. Rh6 Qg5 17. Rh5 Qf6 18. Qg4+ Rg7 19. Bxh7+ Kf8 20. Qh3 Bd7 21.
O-O-O Ke7 22. f4 Rf8 23. b4 e5 24. fxe5 Qf7 25. Qh4+ Ke8 26. d5 Nd8 27. e6 Bxe6
28. Qxd8+ Kxd8 29. dxe6+ Kc8 30. exf7 Rfxf7 31. Bf5+ Kb8 32. Rd8# {Black
checkmated} 1-0

[Event "Team 45 45 League T98"]
[Site "Internet Chess Club"]
[Date "2023.11.22"]
[Round "2"]
[White "fhunfi"]
[Black "Portola"]
[Result "0-1"]
[WhiteElo "1689"]
[BlackElo "1734"]
[Opening "French: Rubinstein variation"]
[ECO "C10"]
[Time "09:00:31"]
[PlyCount "102"]
[TimeControl "2700+45"]

1. e4 e6 2. d4 d5 3. Nc3 dxe4 4. Nxe4 Be7 5. Bd3 Nd7 6. Qe2 Ngf6 7. Nf3 O-O 8.
Bf4 b6 9. O-O-O Bb7 10. Ne5 Qc8 11. Kb1 c5 12. Nxd7 Qxd7 13. dxc5 Qa4 14. Nxf6+
Bxf6 15. Be5 Bxe5 16. Qxe5 bxc5 17. b3 Qc6 18. f3 Qb6 19. c4 a5 20. Qb2 Rfd8 21.
Bc2 Qc7 22. h3 Rab8 23. Rd3 Rxd3 24. Bxd3 a4 25. Rd1 axb3 26. axb3 Bc6 27. Bc2
Bb7 28. Qc3 Rd8 29. Rxd8+ Qxd8 30. Qd3 Qxd3 31. Bxd3 g6 32. Kc2 f5 33. Kd2 Kf7
34. Ke3 Kf6 35. g3 e5 36. Bc2 h6 37. h4 g5 38. hxg5+ hxg5 39. f4 exf4+ 40. gxf4
g4 41. Kf2 Be4 42. Bd1 Ke6 43. Kg3 Bb1 44. Kh4 Kd6 45. Kg3 Kc6 46. Kf2 Kb6 47.
Ke3 Ka5 48. Kd2 Kb4 49. Kc1 Be4 50. Kd2 g3 51. Ke1 Kc3 {White resigns} 0-1

[Event "Team 45 45 League T98"]
[Site "Internet Chess Club"]
[Date "2023.11.26"]
[Round "2"]
[White "justice02"]
[Black "evan7284"]
[Result "1/2-1/2"]
[WhiteElo "1593"]
[BlackElo "1593"]
[Opening "Petrov: Nimzovich attack"]
[ECO "C42"]
[Time "14:30:15"]
[PlyCount "105"]
[TimeControl "2700+45"]

1. e4 e5 2. Nf3 Nf6 3. Nxe5 d6 4. Nf3 Nxe4 5. Nc3 Nxc3 6. dxc3 Nc6 7. Be2 Be7 8.
O-O O-O 9. Re1 Be6 10. Nd4 Nxd4 11. cxd4 d5 12. c3 Bd6 13. Bf3 Qh4 14. g3 Qf6
15. Bg2 c6 16. Be3 Rae8 17. Qd2 h6 18. b4 Re7 19. a4 Rfe8 20. a5 a6 21. f4 Bf5
22. Bf2 Be4 23. Bxe4 Rxe4 24. Rxe4 Rxe4 25. Re1 Qe6 26. Rxe4 Qxe4 27. Qe3 Qxe3
28. Bxe3 g6 29. f5 Kg7 30. fxg6 fxg6 31. Kg2 h5 32. Bg5 Kf7 33. Kf3 Ke6 34. Bf4
Be7 35. h3 Kf5 36. g4+ hxg4+ 37. hxg4+ Ke6 38. Ke3 Bh4 39. Kd3 Be1 40. Be5 Bh4
41. c4 Be1 42. c5 Bxb4 43. Bc7 Be1 44. Ke2 Bh4 45. Kf3 Be7 46. Bf4 Bd8 47. Bd2
Bc7 48. Kg2 Bd8 49. Kf3 Bf6 50. Be3 Bh4 51. Bd2 Kf6 52. Bc3 Ke6 53. Bd2 {Game
drawn by mutual agreement} 1/2-1/2

[Event "Team 45 45 League T98"]
[Site "Internet Chess Club"]
[Date "2023.11.26"]
[Round "2"]
[White "BrerRabbit"]
[Black "nosir"]
[Result "1/2-1/2"]
[WhiteElo "1362"]
[BlackElo "1403"]
[Opening "Queen's Pawn"]
[ECO "A41"]
[Time "15:01:48"]
[PlyCount "98"]
[TimeControl "2700+45"]

1. d4 d6 2. g3 Nf6 3. Nf3 c6 4. Bg2 Nbd7 5. O-O e5 6. c4 Be7 7. Nc3 O-O 8. e4 h6
9. h3 Nh7 10. Be3 Ng5 11. Qc2 Nb8 12. Nxg5 Bxg5 13. Bxg5 Qxg5 14. Rad1 Nd7 15.
d5 c5 16. Nb5 a6 17. Nxd6 Nf6 18. Nxc8 Raxc8 19. Qd2 Qg6 20. Rde1 Rfd8 21. Kh2
Nh5 22. Bf3 Nf6 23. Qe2 Kf8 24. Bg4 Rb8 25. Bf5 Qg5 26. h4 Qh5 27. Qxh5 Nxh5 28.
Bg4 Nf6 29. Bh3 Ke7 30. Bg2 g5 31. hxg5 hxg5 32. f3 Rh8+ 33. Kg1 Rbf8 34. Kf2
Rh2 35. Rh1 Rfh8 36. Rxh2 Rxh2 37. Rh1 Rxh1 38. Bxh1 Kd6 39. Bg2 b5 40. b3 b4
41. Bh3 Nh5 42. Bg4 Ng7 43. Ke3 f6 44. f4 a5 45. fxg5 fxg5 46. Bh3 Ne8 47. Kf3
Nf6 48. Bg4 Kc7 49. Bf5 Kd6 {Game drawn by mutual agreement} 1/2-1/2

[Event "Team 45 45 League T98"]
[Site "Internet Chess Club"]
[Date "2023.11.24"]
[Round "2"]
[White "ARMAND02019"]
[Black "elmaestro"]
[Result "0-1"]
[WhiteElo "1552"]
[BlackElo "1624"]
[Opening "Sicilian"]
[ECO "B50"]
[Time "21:03:20"]
[PlyCount "84"]
[TimeControl "2700+45"]

1. e4 c5 2. Nf3 d6 3. c3 Nc6 4. d4 cxd4 5. cxd4 e6 6. Nc3 Nf6 7. d5 exd5 8. exd5
Ne5 9. Nxe5 dxe5 10. Bb5+ Bd7 11. Bc4 Bb4 12. O-O O-O 13. Bg5 h6 14. Bh4 Qb6 15.
Bxf6 Qxf6 16. Qb3 Bxc3 17. bxc3 b5 18. Bd3 Qg5 19. Be4 Rac8 20. g3 Qd2 21. Rac1
Rc4 22. Rfd1 Qg5 23. Bd3 Rcc8 24. c4 Rc5 25. h4 Qe7 26. cxb5 Rfc8 27. Rxc5 Qxc5
28. a4 Bg4 29. Re1 Qd4 30. Bf1 Rc3 31. Qa2 Rxg3+ 32. Kh2 Rf3 33. Re2 Qf4+ 34.
Kg1 Qd4 35. Qd2 Rd3 36. Qxd3 Qxd3 37. Rxe5 Qb1 38. Kg2 Bd7 39. Be2 Qg6+ 40. Kf1
Bh3+ 41. Ke1 Qb1+ 42. Kd2 Qb2+ {White resigns} 0-1

[Event "Team 45 45 League T98"]
[Site "Internet Chess Club"]
[Date "2023.11.25"]
[Round "2"]
[White "DimEyeChessGuy"]
[Black "Kingofknights"]
[Result "1-0"]
[WhiteElo "1553"]
[BlackElo "1533"]
[Opening "Caro-Kann: exchange variation"]
[ECO "B13"]
[Time "11:00:33"]
[PlyCount "87"]
[TimeControl "2700+45"]

1. e4 c6 2. d4 d5 3. exd5 cxd5 4. Bd3 Nc6 5. c3 Qc7 6. h3 e5 7. dxe5 Nxe5 8.
Bb5+ Bd7 9. Bxd7+ Qxd7 10. Nf3 Nxf3+ 11. Qxf3 Nf6 12. O-O Be7 13. Re1 O-O 14.
Bf4 b5 15. Nd2 Rfe8 16. Nb3 Ne4 17. Nd4 b4 18. cxb4 Bxb4 19. Re2 Rac8 20. a3 Bc5
21. Rd1 a5 22. Qd3 Bd6 23. Bxd6 Qxd6 24. Nf5 Qf6 25. Qxd5 Re5 26. Qd7 Qxf5 27.
Qxf5 Rxf5 28. Rxe4 Rb5 29. b4 g6 30. Rd7 axb4 31. axb4 Rcb8 32. Ree7 Rxb4 33.
Rxf7 Rh4 34. Rg7+ Kh8 35. f4 Rf8 36. Rge7 Kg8 37. Kh2 Rhxf4 38. Rxh7 R4f7 39.
Rhxf7 Rxf7 40. Rxf7 Kxf7 41. Kg3 g5 42. Kg4 Kg6 43. g3 Kh6 44. Kf5 {Black
resigns} 1-0

[Event "Team 45 45 League T98"]
[Site "Internet Chess Club"]
[Date "2023.11.27"]
[Round "2"]
[White "Signofthetimes"]
[Black "burlap"]
[Result "1-0"]
[WhiteElo "1550"]
[BlackElo "1355"]
[Opening "French defense"]
[ECO "C00"]
[Time "09:00:30"]
[PlyCount "79"]
[TimeControl "2700+45"]

1. e4 e6 2. Nf3 d5 3. e5 c5 4. Bb5+ Bd7 5. Bxd7+ Nxd7 6. O-O Ne7 7. d4 cxd4 8.
Qxd4 Nc6 9. Qf4 Qb8 10. Re1 Bb4 11. c3 Ba5 12. Qg4 O-O 13. Bh6 g6 14. Bxf8 Qxf8
15. Nbd2 Bc7 16. h4 Ncxe5 17. Nxe5 Nxe5 18. Qg5 Nd3 19. Red1 Nxb2 20. Rdb1 Ba5
21. Qg3 Qg7 22. Rxb2 Bxc3 23. Rxb7 Bxa1 24. Nf3 Be5 25. Qxe5 Qxe5 26. Nxe5 Rc8
27. Rxa7 Rc1+ 28. Kh2 Rc2 29. f3 d4 30. a4 Rc3 31. Nxf7 d3 32. Rd7 Ra3 33. Ng5
d2 34. Rxd2 Rxa4 35. g3 Ra3 36. Kg2 e5 37. Re2 Ra5 38. Ne4 Kf7 39. g4 Rb5 40.
Nd6+ {Black resigns} 1-0

[Event "Team 45 45 League T98"]
[Site "Internet Chess Club"]
[Date "2023.11.26"]
[Round "2"]
[White "oldprez1"]
[Black "tightfist"]
[Result "0-1"]
[WhiteElo "1227"]
[BlackElo "1404"]
[Opening "Réti opening"]
[ECO "A05"]
[Time "19:30:17"]
[PlyCount "60"]
[TimeControl "2700+45"]

1. Nf3 Nf6 2. g3 b6 3. Bg2 Bb7 4. O-O e6 5. d3 d5 6. Nbd2 Bd6 7. Qe1 O-O 8. e4
dxe4 9. dxe4 e5 10. Nh4 Nbd7 11. Nc4 Ba6 12. b3 Bxc4 13. bxc4 Nc5 14. Nf5 a6 15.
Qe3 Ne6 16. Nxd6 Qxd6 17. Ba3 c5 18. Rad1 Qc6 19. c3 Rfd8 20. f4 Qa4 21. Bc1
Rxd1 22. f5 Rxf1+ 23. Bxf1 Nc7 24. a3 Rd8 25. Qe2 Rd1 26. Bg5 Nce8 27. Kg2 h6
28. Bxf6 Nxf6 29. Kh3 Rc1 30. Qd3 Qd1 {White resigns} 0-1

[Event "Team 45 45 League T98"]
[Site "Internet Chess Club"]
[Date "2023.11.26"]
[Round "2"]
[White "Electryon"]
[Black "burlap"]
[Result "0-1"]
[WhiteElo "1591"]
[BlackElo "1363"]
[Opening "French: King's Indian attack"]
[ECO "C00"]
[Time "21:01:50"]
[PlyCount "140"]
[TimeControl "2700+45"]

1. e4 e6 2. d3 d5 3. Nd2 Nf6 4. Ngf3 c5 5. c3 Nc6 6. Be2 Be7 7. O-O O-O 8. Qc2
Qc7 9. Re1 b6 10. Bf1 Bb7 11. e5 Nd7 12. d4 cxd4 13. cxd4 Rac8 14. Qb1 h6 15. a3
Rfe8 16. b4 a5 17. b5 Na7 18. a4 Qc2 19. Ba3 Qxb1 20. Rexb1 Bxa3 21. Rxa3 Rc7
22. Bd3 Rec8 23. Raa1 Rc3 24. Ne1 Nf8 25. Nb3 Ng6 26. g3 Ne7 27. Ra2 Nf5 28. Rc2
Rxc2 29. Nxc2 g6 30. Kg2 Rc3 31. Ne1 Kg7 32. Kf1 Nc8 33. Ke2 Rxb3 34. Rc1 Nxd4+
35. Ke3 Nf5+ 36. Ke2 Rb2+ 37. Kf1 Nce7 38. Rc7 Bc8 39. g4 Nd4 40. Rxe7 Ra2 41.
Rc7 Ra1 42. Rxc8 Nf3 43. Ke2 Nxe1 44. Rb8 Nxd3 45. Kxd3 Rxa4 46. Rxb6 Rxg4 47.
Ra6 Rg2 48. Ke3 Rxh2 49. b6 Rh1 50. Rxa5 Rb1 51. Ra6 h5 52. f4 h4 53. Kf3 d4 54.
Ra4 Rxb6 55. Rxd4 Rb3+ 56. Kg4 h3 57. Rd2 f5+ 58. Kh4 Kh6 59. Re2 Rb4 60. Kg3
Kh5 61. Re3 h2 62. Kxh2 Rxf4 63. Kg3 Re4 64. Rxe4 fxe4 65. Kf4 g5+ 66. Kxe4 g4
67. Kf4 Kh4 68. Ke3 g3 69. Ke2 Kh3 70. Kf1 Kh2 {White resigns} 0-1

[Event "Team 45 45 League T98"]
[Site "Internet Chess Club"]
[Date "2023.11.25"]
[Round "2"]
[White "ChessG2011"]
[Black "BrerRabbit"]
[Result "0-1"]
[WhiteElo "1396"]
[BlackElo "1360"]
[Opening "Caro-Kann: Tartakower (Nimzovich) variation"]
[ECO "B15"]
[Time "19:01:29"]
[PlyCount "138"]
[TimeControl "2700+45"]

1. e4 c6 2. d4 d5 3. Nc3 dxe4 4. Nxe4 Nf6 5. Nxf6+ exf6 6. Nf3 Bd6 7. Bc4 O-O 8.
O-O Nd7 9. Be3 Nb6 10. Bb3 Re8 11. h3 Be6 12. Re1 Nc4 13. Bxc4 Bxc4 14. b3 Be6
15. c4 Bb4 16. Bd2 Qa5 17. a3 Bxd2 18. Qxd2 Qxd2 19. Nxd2 Rad8 20. Nf3 Bf5 21.
Re3 Rxe3 22. fxe3 Re8 23. Kf2 Be4 24. Nd2 f5 25. Nxe4 Rxe4 26. Rd1 Kf8 27. Rd3
Ke7 28. Kf3 h5 29. g3 g5 30. d5 Kd6 31. dxc6+ Kxc6 32. Rd5 g4+ 33. hxg4 fxg4+
34. Kf2 Re6 35. Rxh5 Rf6+ 36. Kg2 Rf3 37. Re5 Kd6 38. Re4 f5 39. Rd4+ Ke5 40.
Rd7 Rxe3 41. Re7+ Kd4 42. Rxe3 Kxe3 43. b4 Kd4 44. c5 Kd5 45. Kf2 Kd4 46. Ke2
Ke4 47. a4 Kd4 48. Kf2 Kc4 49. Ke3 Kxb4 50. Kf4 Kxc5 51. Kxf5 b5 52. axb5 Kxb5
53. Kxg4 a5 54. Kf5 a4 55. g4 a3 56. g5 a2 57. g6 a1=Q 58. Ke6 Qa2+ 59. Kf6 Qg8
60. Kf5 Kc6 61. Kf6 Kd6 62. Kf5 Ke7 63. Kg5 Ke6 64. Kh6 Kf6 65. Kh5 Qxg6+ 66.
Kh4 Kf5 67. Kh3 Kf4 68. Kh2 Kf3 69. Kh1 Qg2# {White checkmated} 0-1